 Dungeon Crawl Stone Soup version 0.31-a0-185-g9dded2c639 (webtiles) character file.

Game seed: 10310477429504701170

288 qw the Skirmisher (level 6, -1/35 HPs)
             Began as a Deep Elf Hunter on June 22, 2023.
             Killed from afar by an orc wizard (8 damage)
             ... with a magic dart
             ... on level 4 of the Dungeon.
             The game lasted 00:01:06 (2856 turns).

qw the Skirmisher (Deep Elf Hunter)                 Turns: 2856, Time: 00:01:06

Health: -1/35      AC:  6    Str: 16      XL:     6   Next: 9%
Magic:  8/8        EV: 12    Int: 14      God:
Gold:   186        SH:  0    Dex: 17 (18) Spells: 5/5 levels left

rFire   . . .        Y - +0 shortbow
rCold   . . .        (shield currently unavailable)
rNeg    . . .        j - +0 ring mail
rPois   +            (no helmet)
rElec   .            l - +0 cloak
rCorr   .            (no gloves)
SInv    .            (no boots)
Will    .....        b - amulet of faith
Stlth   +            d - +6 ring of strength
HPRegen 0.25/turn    c - ring of poison resistance
MPRegen 0.11/turn

%: faith
@: no status effects
A: no striking features
a: no special abilities


You were on level 4 of the Dungeon.
You visited 1 branch of the dungeon, and saw 4 of its levels.

You collected 186 gold pieces.


   Skills:
 - Level 2.0 Fighting
 + Level 9.2 Ranged Weapons
 - Level 3.1 Dodging
 - Level 1.2 Stealth


You had 5 spell levels left.
You didn't know any spells.
Your spell library was empty.

Inventory:

Hand Weapons
 Y - a +0 shortbow (weapon)
Armour
 j - a +0 ring mail (worn)
 l - a +0 cloak (worn)
Jewellery
 b - an amulet of faith (around neck)
 c - a ring of poison resistance (right hand)
 d - a +6 ring of strength (left hand)
 n - an amulet of regeneration
 p - a ring of poison resistance
Scrolls
 m - a scroll of identify
Potions
 g - a potion of might
 h - a potion of haste {unknown}
 o - a potion of brilliance {unknown}

Dungeon Overview and Level Annotations

Branches:
Dungeon (4/15)
 Temple: D:4-7

Altars:

Annotations:
D:3 1 runed translucent door, qw's ghost, amateur GrFi


Message History

The orc wizard points at you and mumbles some strange words.
You are confused.
Something hits you but does no damage.
2846 ||| DRINKING potion of curing.
You feel better.
2846 ||| (to cure confusion)
The orc closely misses you. The orc wizard barely misses you.
Something hits you but does no damage.
You shoot an arrow. The arrow hits the orc wizard!
The orc wizard is almost dead.
The orc misses you.
The orc wizard points at you and mumbles some strange words.
The puff of flame hits you! Something hits you.
You shoot an arrow. The arrow hits the orc wizard!
You kill the orc wizard!
The orc closely misses you. Something hits you but does no damage.
Your Dodging skill increases to level 3!
You have reached level 6!
You shoot an arrow. The arrow hits the orc!
You kill the orc!
The kobold hits you but does no damage.
You hear some strange, mumbled words.
Something tries to affect you, but you resist.
You shoot an arrow. The arrow hits the kobold!
You kill the kobold!
Something hits you.
You shoot an arrow. Something hits you but does no damage.
You shoot an arrow. Something hits you but does no damage.
You shoot an arrow. Something hits you.
You shoot an arrow. Something hits you but does no damage.
You shoot an arrow. Something completely misses you.
You shoot an arrow.
You hear some strange, mumbled words.
A magic dart appears from out of thin air!
The magic dart hits you!
You die...

# ##..#####..#
#.##%.........+
#.......#####.#
##.>#...##
........#
.........##
....).....####.###
......))).........
.......)@####.#..
.......{.)......
......##..###.##
.#..#. ##.# #..#.
.. .. #. #.# .# ..


There were no monsters in sight!

Vanquished Creatures
  A scorpion (D:4)
  2 orc wizards (D:4)
  3 gnolls (D:2)
  8 adders
  3 dart slugs
  6 orcs (D:4)
  3 ball pythons
  5 endoplasms
  2 giant cockroaches (D:2)
  9 goblins
  6 hobgoblins
  6 jackals
  5 kobolds
  A quokka (D:1)
  3 frilled lizards
  4 rats
67 creatures vanquished.

Notes
Turn   | Place    | Note
-------+----------+-------------------------------------------
     0 | D:1      | qw the Deep Elf Hunter began the quest for the Orb.
     0 | D:1      | Reached XP level 1. HP: 12/12 MP: 3/3
     0 | D:1      | 0 ||| qw: Version: 0.3-a-9-g12657ce
     0 | D:1      | 0 ||| qw: Game counter: 1924
     0 | D:1      | 0 ||| qw: Always use a shield: true
     0 | D:1      | 0 ||| qw: God list: Okawaru
     0 | D:1      | 0 ||| qw: Allow faded altars: false
     0 | D:1      | 0 ||| qw: Do Orc after D:15 true
     0 | D:1      | 0 ||| qw: Do second Lair branch before Depths: true
     0 | D:1      | 0 ||| qw: Lair rune preference: random
     0 | D:1      | 0 ||| qw: Plans: Normal
     0 | D:1      | 0 ||| PLANNING D:1-11
    63 | D:1      | Reached XP level 2. HP: 16/16 MP: 4/4
    72 | D:1      | Reached skill level 6 in Ranged Weapons
   412 | D:1      | Reached XP level 3. HP: 20/20 MP: 5/5
   702 | D:1      | 702 ||| UPGRADING to +0 ring mail.
   712 | D:1      | 712 ||| DROPPING +0 leather armour.
   713 | D:1      | 713 ||| UPGRADING to +6 ring of strength.
   714 | D:1      | 714 ||| READING scroll labelled PUADGH CUDYU.
   715 | D:1      | 715 ||| DRINKING 2 sedimented green potions.
   716 | D:1      | 716 ||| DRINKING 2 yellow potions.
   717 | D:1      | 717 ||| DROPPING scroll of butterflies.
   718 | D:1      | 718 ||| DROPPING potion of degeneration.
   719 | D:1      | 719 ||| DROPPING potion of invisibility.
   853 | D:2      | Reached skill level 7 in Ranged Weapons
   941 | D:2      | Reached XP level 4. HP: 13/25 MP: 6/6
  1139 | D:2      | Reached skill level 8 in Ranged Weapons
  1681 | D:2      | 1681 ||| UPGRADING to amulet of regeneration.
  1686 | D:2      | 1686 ||| UPGRADING to ring of poison resistance.
  1687 | D:2      | 1687 ||| READING scroll labelled TAULIGUNAY.
  1688 | D:2      | 1688 ||| READING 2 scrolls labelled RIFYSCH ORIL SOA.
  1689 | D:2      | 1689 ||| READING scroll labelled LUEDAXT HUEJI.
  1690 | D:2      | 1690 ||| READING 2 scrolls labelled LIRUHAG NABI.
  1691 | D:2      | 1691 ||| DROPPING scroll of noise.
  1880 | D:3      | Identified the +9 dagger "Meirch" {pain, Dex+2}
  2302 | D:3      | Found a runed translucent door.
  2306 | D:3      | Noticed qw's ghost (amateur GrFi)
  2555 | D:3      | 2555 ||| UPGRADING to +0 cloak.
  2560 | D:3      | 2560 ||| UPGRADING to amulet of faith.
  2570 | D:3      | 2570 ||| DROPPING ring of magical power.
  2571 | D:3      | 2571 ||| DRINKING 2 metallic brown potions.
  2572 | D:3      | 2572 ||| DRINKING 2 murky emerald potions.
  2681 | D:3      | 2681 ||| READING 4 scrolls of identify.
  2681 | D:3      | 2681 ||| IDENTIFYING grey potion
  2682 | D:3      | 2682 ||| READING 3 scrolls of identify.
  2682 | D:3      | 2682 ||| IDENTIFYING cyan potion
  2683 | D:3      | 2683 ||| READING 2 scrolls of identify.
  2683 | D:3      | 2683 ||| IDENTIFYING puce potion
  2684 | D:3      | 2684 ||| DROPPING potion of lignification.
  2685 | D:3      | 2685 ||| DROPPING potion of attraction.
  2686 | D:3      | 2686 ||| DROPPING potion of berserk rage.
  2717 | D:4      | 2717 ||| PLANNING OSSUARY
  2734 | D:4      | Reached XP level 5. HP: 27/29 MP: 7/7
  2802 | D:4      | Reached skill level 9 in Ranged Weapons
  2846 | D:4      | 2846 ||| DRINKING potion of curing.
  2846 | D:4      | 2846 ||| (to cure confusion)
  2849 | D:4      | Reached skill level 3 in Dodging
  2849 | D:4      | Reached XP level 6. HP: 11/35 MP: 8/8
  2853 | D:4      | HP: 6/35 [something (4)]
  2856 | D:4      | Killed from afar by an orc wizard

Levels and vault maps discovered:
D:1:      dpeg_arrival_short_road, layout_basic
D:2:      layout_basic, ebering_dispersal_statue_hall, st_stairs_6
D:3:      layout_loops_corners, gammafunk_ghost_grave
D:4:      layout_rooms, enter_ossuary_2, lexackson_kobold_supper

Skill      XL: |  1  2  3  4  5 |
---------------+----------------+-----
Ranged Weapons | 6 7 8 9 |  9.2
Fighting       | 2 |  2.0
Dodging        | 3 |  3.1
Stealth        | |  1.2

Action                     |  1- 3 |  4- 6 || total
---------------------------+-------+-------++-------
   Fire: Shortbow          |    89 |   147 ||   236
    Use: Potion            |     2 |     3 ||     5
         Scroll            |     1 |     7 ||     8
 Armour: Ring mail         |     1 |    58 ||    59
         Leather armour    |     1 |       ||     1
  Dodge: Dodged            |    22 |    81 ||   103

Table legend:
 A = Non-vault XP
 B = Vault XP
 C = Vault XP percentage of total XP
 D = Non-vault monster count
 E = Vault monster count
 F = Vault count percentage of total count
                 A         B        C        D         E       F
            +---------+---------+-------+---------+---------+-------
      Total |     409 |       3 |   0.7 |      65 |       2 |   3.0
            +---------+---------+-------+---------+---------+-------
        D:1 |      48 |       0 |   0.0 |      25 |       0 |   0.0
        D:2 |     120 |       2 |   1.6 |      21 |       1 |   4.5
        D:3 |      23 |       0 |   0.0 |       5 |       0 |   0.0
        D:4 |     218 |       1 |   0.5 |      14 |       1 |   6.7
            +---------+---------+-------+---------+---------+-------
